 Dungeon Crawl Stone Soup version 0.29.1-15-g9cfb28693d (webtiles) character file.

Game seed: 2521658879048640486

64 Mysteryquy the Shield-Bearer (level 4, -2/29 HPs)
             Began as a Gargoyle Fighter on May 2, 2023.
             Blown up by Ijyb (14 damage)
             ... with a mindburst bolt
             ... on level 2 of the Dungeon.
             The game lasted 00:03:54 (1378 turns).

Mysteryquy the Shield-Bearer (Gargoyle Fighter)     Turns: 1378, Time: 00:03:54

Health: -2/29      AC: 10    Str: 22    XL:     4   Next: 12%
Magic:  4/4        EV:  9    Int:  8    God:
Gold:   16         SH:  4    Dex:  9    Spells: 3/3 levels left

rFire   . . .      SeeInvis .   a - +0 flail
rCold   . . .      Faith    .   c - +0 buckler
rNeg    + . .      Spirit   .   b - +0 scale mail
rPois   ∞          Reflect  .   (no helmet)
rElec   +          Harm     .   (no cloak)
rCorr   .          Rampage  .   (no gloves)
Will    .....                   (no boots)
Stlth   ..........              (no amulet)
HPRegen 0.09/turn               (no ring)
MPRegen 0.09/turn               (no ring)

@: no status effects
A: sickness immunity, AC +3, negative energy resistance 1, electricity
resistance, torment resistance 1, petrification resistance
a: no special abilities


You were on level 2 of the Dungeon.
You visited 1 branch of the dungeon, and saw 2 of its levels.

You collected 16 gold pieces.

Inventory:

Hand Weapons
 a - a +0 flail (weapon)
Armour
 b - a +0 scale mail (worn)
 c - a +0 buckler (worn)
Scrolls
 e - a scroll of teleportation {unknown}
 g - a scroll of butterflies {unknown}
 h - 2 scrolls of amnesia {unknown}
 i - a scroll of magic mapping {unknown}
 j - a scroll of brand weapon {unknown}
Potions
 d - a potion of might
 f - a potion of attraction {unknown}
 k - a potion of curing {unknown}
 l - a potion of degeneration {unknown}


   Skills:
 + Level 3.7 Fighting
 + Level 3.0 Maces & Flails
 + Level 3.6 Armour
 + Level 0.6 Dodging
 + Level 3.8 Shields


You had 3 spell levels left.
You didn't know any spells.
Your spell library was empty.

Dungeon Overview and Level Annotations

Branches:
Dungeon (2/15)

Altars:

Annotations:
D:2 Ijyb


Innate Abilities, Weirdness & Mutations

You are immune to sickness and miasma.
Your stone body is resilient. (AC +3)
You are immune to poison.
You resist negative energy. (rN+)
You are resistant to electric shocks. (rElec)
You are resistant to unholy torment.
You are immune to petrification.


Message History

2 goblins come into view.
The goblin shouts! x3
The goblin moves out of view.
Ijyb the Twisted Goblin comes into view.
She is wielding a +0 club, wearing a +1 leather armour of willpower and carrying a wand of mindburst (8).
Ijyb moves out of view.
The goblin hits you but does no damage. The goblin attacks as you move away!
The goblin hits you but does no damage. x2
The goblin attacks as you move away! You block the goblin's attack.
You hit the goblin.
The goblin is severely wounded.
The goblin hits you but does no damage. Ijyb screams, "I cut your head off!"
The goblin hits you but does no damage.
You sock the goblin!
You kill the goblin!
You sock the goblin!
You kill the goblin!
Ijyb screams, "Get away!"
Things that are here:
a +0 club; a +0 dagger; a goblin corpse Ijyb zaps a wand.
Your mind is blasted!
You hit Ijyb.
Ijyb is lightly wounded.
You block Ijyb's attack. Ijyb hits you but does no damage.
You sock Ijyb!
Ijyb is heavily wounded.
Ijyb hits you but does no damage.
You closely miss Ijyb.
Ijyb is heavily wounded.
Ijyb hits you with a +0 club.
You closely miss Ijyb.
Ijyb is heavily wounded.
Ijyb hits you but does no damage.
You hit Ijyb.
Ijyb is heavily wounded.
Ijyb zaps a wand.
Your mind is blasted!
Ijyb zaps a wand.
Your mind is blasted!
You barely miss Ijyb.
Ijyb is heavily wounded.
Ijyb zaps a wand.
Your mind is blasted!
You die...

#.####.###
############.........
#....................
#.##.........##.#.###
#.##.######..##.#.###
#.##.# #..........
#.##.# #..........
#.##)# #####.##.#....
## #.##@#...
........##
#.#.#.#g#.# #.##.## #
#.###gg..# # #
##.#g#.#.# # .
##....#.# #
#...###..#### # .
#.......## #
#.....!.# #8.....8#


You could see Ijyb and 3 goblins.

Vanquished Creatures
  2 adders (D:2)
  A dart slug (D:1)
  5 ball pythons
  An endoplasm (D:1)
  2 giant cockroaches (D:1)
  5 goblins
  A hobgoblin (D:1)
  6 jackals (D:1)
  4 kobolds (D:1)
  A quokka (D:1)
  5 bats (D:1)
  7 frilled lizards
  3 rats (D:1)
43 creatures vanquished.

Notes
Turn   | Place    | Note
-------+----------+-------------------------------------------
     0 | D:1      | Mysteryquy the Gargoyle Fighter began the quest for the
                  | Orb.
     0 | D:1      | Reached XP level 1. HP: 14/14 MP: 1/1
   154 | D:1      | Reached XP level 2. HP: 18/19 MP: 2/2
   480 | D:1      | Reached XP level 3. HP: 23/23 MP: 3/3
   670 | D:1      | Found a faded altar of an unknown god.
  1318 | D:2      | Reached XP level 4. HP: 29/29 MP: 4/4
  1355 | D:2      | Noticed Ijyb
  1378 | D:2      | Blown up by Ijyb

Illustrated notes

Levels and vault maps discovered:
D:1:      dpeg_arrival_brainrot, layout_basic,
          hellmonk_ecumenical_altar_inner_sanctum, hangedman_decor_growths,
          minmay_lizard_pond
D:2:      kennysheep_the_goblin_king, layout_loops_ring, minmay_pentomino_u2

Skill      XL: |  1  2  3 |
---------------+----------+-----
Maces & Flails | 3 |  3.0
Fighting       | |  3.7
Armour         | |  3.6
Dodging        | |  0.6
Shields        | |  3.8

Action                   |  1- 3 |  4- 6 || total
-------------------------+-------+-------++-------
Melee: Flail             |   149 |     9 ||   158
Armor: Scale mail        |   126 |     8 ||   134
Dodge: Dodged            |   112 |       ||   112
Block: Buckler           |    50 |     2 ||    52
